 Dungeon Crawl Stone Soup version 0.30-a0-639-g3916f1956a (webtiles) character file.

Game seed: 7558739158344166931

294 timneilson the Slasher (level 6, -2/47 HPs)
             Began as a Demonspawn Gladiator on Jan 15, 2023.
             Slain by an ogre
             ... wielding a +0 giant club
              (12 damage)
             ... on level 3 of the Dungeon.
             The game lasted 00:04:02 (1471 turns).

timneilson the Slasher (Demonspawn Gladiator)       Turns: 1471, Time: 00:04:03

Health: -2/47      AC: 11    Str: 16    XL:     6   Next: 11%
Magic:  6/6        EV:  5    Int: 10    God:
Gold:   100        SH:  0    Dex: 14    Spells: 5/5 levels left

rFire   . . .      SeeInvis .    a - +0 long sword
rCold   . . .      Faith    .    (no shield)
rNeg    . . .      Spirit   .    i - +0 chain mail
rPois   .          Reflect  .    (helmet restricted)
rElec   .          Harm     .    g - +1 cloak
rCorr   .          Rampage  .    (no gloves)
Will    .....                    (no boots) Stlth
                                 (no amulet)
HPRegen 0.27/turn                (no ring)
MPRegen 0.10/turn                (no ring)

@: constricted
A: horns 2, foul stench 2
a: no special abilities


You were on level 3 of the Dungeon.
You visited 1 branch of the dungeon, and saw 3 of its levels.

You collected 100 gold pieces.

Inventory:

Hand Weapons
 a - a +0 long sword (weapon)
Missiles
 d - 3 throwing nets (quivered)
 e - a javelin
Armour
 g - a +1 cloak (worn)
 i - a +0 chain mail (worn)
Wands
 j - a wand of roots (6)
Scrolls
 c - a scroll of identify
 h - a scroll of teleportation
Potions
 f - 2 potions of curing
 k - a potion of attraction


   Skills:
 + Level 3.1 Fighting
 * Level 4.2 Long Blades
 - Level 1.7 Throwing
 * Level 2.9 Armour
 + Level 3.5 Dodging
 + Level 0.1 Evocations


You had 5 spell levels left.
You didn't know any spells.
Your spell library contained the following spells:

 Spells                   Type           Power      Damage    Failure   Level
 Blink                    Tloc           0%         N/A       100%        2
 Lesser Beckoning         Tloc           0%         N/A       100%        2
 Momentum Strike          Conj/Tloc      0%         3d8       100%        2
 Gell's Gravitas          Tloc           0%         N/A       100%        3
 Teleport Other           Tloc           0%         N/A       100%        3
 Dispersal                Tloc           0%         N/A       100%        6


Dungeon Overview and Level Annotations

Branches:
Dungeon (3/15)

Altars:

Shops:
D:1 [


Innate Abilities, Weirdness & Mutations

You have a pair of horns on your head.
You sometimes emit foul miasma when damaged in melee.


Message History

You barely miss the ogre. You headbutt the ogre.
The ogre is lightly wounded.
A ball python comes into view.
The ogre barely misses you.
You barely miss the ogre.
The ogre is lightly wounded.
The ball python hisses angrily.
You barely miss the ogre.
You headbutt the ogre, but do no damage.
The ogre is lightly wounded.
The ogre hits you with a +0 giant club!
You slash the ogre!
The ogre is moderately wounded.
The ogre barely misses you.
You completely miss the ogre. You headbutt the ogre.
The ogre is heavily wounded.
The ball python bites you but does no damage.
The ball python grabs you. The ball python constricts you.
The ogre hits you with a +0 giant club!!
You hit the ogre.
The ogre is severely wounded.
The ball python bites you.
* * * LOW HITPOINT WARNING * * *
The ball python constricts you.
* * * LOW HITPOINT WARNING * * *
The ball python bites you but does no damage.
The ball python constricts you.
* * * LOW HITPOINT WARNING * * *
The ogre closely misses you.
You barely miss the ogre.
The ogre is severely wounded.
The ball python bites you.
* * * LOW HITPOINT WARNING * * *
The ball python constricts you.
* * * LOW HITPOINT WARNING * * *
You hit the ogre. Your headbutt misses the ogre.
The ogre is severely wounded.
The ball python barely misses you. The ball python constricts you.
The ogre hits you with a +0 giant club!
You die...

## ... ..
#######.##..
##...$S.....#
#<...@O...#
##........#
#........#
########.# ..
.. .


You could see an ogre and a ball python.

Vanquished Creatures
  Sigmund (D:2)
  A scorpion (D:2)
  Terence (D:2)
  2 adders (D:2)
  A worm (D:2)
  A dart slug (D:2)
  3 endoplasms
  2 giant cockroaches
  3 hobgoblins
  A quokka (D:2)
  7 ball pythons
  2 frilled lizards (D:2)
  3 goblins
  7 kobolds
  2 rats
37 creatures vanquished.

Notes
Turn   | Place    | Note
-------+----------+-------------------------------------------
     0 | D:1      | timneilson the Demonspawn Gladiator began the quest for the
                  | Orb.
     0 | D:1      | Reached XP level 1. HP: 16/16 MP: 1/1
   225 | D:1      | Found Gubipo's Armour Emporium.
   237 | D:1      | Gained mutation: You have a pair of small horns on your
                  | head. [demonic ancestry]
   237 | D:1      | Reached XP level 2. HP: 22/22 MP: 2/2
   374 | D:1      | Reached skill level 3 in Long Blades
   553 | D:1      | Reached skill level 1 in Armour
   886 | D:2      | Noticed Sigmund
   895 | D:2      | Killed Sigmund
   896 | D:2      | Gained mutation: You may rarely emit foul miasma when
                  | damaged in melee. [demonic ancestry]
   896 | D:2      | Reached XP level 3. HP: 5/28 MP: 3/3
   896 | D:2      | Reached XP level 4. HP: 7/34 MP: 4/4
   896 | D:2      | Gained mutation: You sometimes emit foul miasma when
                  | damaged in melee. [demonic ancestry]
   896 | D:2      | Reached XP level 5. HP: 8/40 MP: 5/5
  1036 | D:2      | Noticed Terence
  1042 | D:2      | Killed Terence
  1167 | D:2      | Reached skill level 4 in Long Blades
  1192 | D:2      | Gained mutation: You have a pair of horns on your head.
                  | [demonic ancestry]
  1192 | D:2      | Reached XP level 6. HP: 47/47 MP: 6/6
  1471 | D:3      | Slain by an ogre

Illustrated notes

Levels and vault maps discovered:
D:1:      lemuel_arrival_room, layout_loops_cross, serial_shops, shop
D:2:      layout_rooms, minmay_misc_feat_alley, minmay_octomino_j4,
          uniq_terence, uniq_sigmund
D:3:      layout_basic

Skill      XL: |  1  2  3  4  5 |
---------------+----------------+-----
Long Blades    | 3 4 |  4.2
Armour         | 2 |  2.9
Dodging        | 3 |  3.5
Fighting       | 3 |  3.1
Throwing       | |  1.7
Evocations     | |  0.1

Action                   |  1- 3 |  4- 6 || total
-------------------------+-------+-------++-------
Melee: Long sword        |    47 |    60 ||   107
       Headbutt          |     2 |    10 ||    12
  Use: Scroll            |     4 |     4 ||     8
       Potion            |     1 |       ||     1
Armor: Leather armour    |     4 |       ||     4
       Ring mail         |     7 |     1 ||     8
       Chain mail        |       |    27 ||    27
Dodge: Dodged            |    25 |    30 ||    55

Table legend: (Time is in decaauts)
 A = Elapsed time spent in this place.
 B = Non-inter-level travel time spent in this place.
 C = Inter-level travel time spent in this place.
 D = Time resting spent in this place.
 E = Time spent auto-exploring this place.
 F = Levels seen in this place.
 G = Mean time per level.
                   A        B        C        D        E       F      G
               +--------+--------+--------+--------+--------+-----+--------+
         Total |   1475 |   1425 |     50 |    100 |    998 |   3 |  491.7 |
       Dungeon |   1475 |   1425 |     50 |    100 |    998 |   3 |  491.7 |
               +--------+--------+--------+--------+--------+-----+--------+

Top non-repeatable levels by time:
     D:1: 828 daAuts
     D:2: 631 daAuts
     D:3: 15 daAuts
